 Dungeon Crawl Stone Soup version 0.31.0-32-g396128a36d (webtiles) character file.

Game seed: 12355004163820713703

81 Alphaeus the Ruffian (level 4, -3/41 HPs)
             Began as a Troll Shapeshifter on Mar 19, 2024.
             Slain by an orc
             ... wielding a +0 flail
              (6 damage)
             ... on level 3 of the Dungeon.
             The game lasted 00:01:25 (1544 turns).

Alphaeus the Ruffian (Troll Shapeshifter)           Turns: 1544, Time: 00:01:26

Health: -3/41      AC:  4    Str: 24    XL:     4   Next: 20%
Magic:  0/3        EV: 19    Int:  6    God:
Gold:   153        SH:  0    Dex:  9    Spells: 3/3 levels left

rFire   . .          .
                       - Unarmed
rCold   . . .        (no shield)
rNeg    . . .        a - +0 animal skin
rPois   .            (helmet currently unavailable)
rElec   .            (cloak currently unavailable)
rCorr   .            (gloves unavailable)
SInv    .            (boots unavailable)
Will    .....        m - amulet of guardian spirit
Stlth   +            g - +5 ring of evasion
HPRegen 1.06/turn    o - +5 ring of evasion
MPRegen 0.08/turn

%: guardian spirit
@: beast-form, attractive
A: beast (slay +2), large, unfitting armour, claws 3, regeneration 1, shaggy fur
1, tough skin 1
a: Begin Untransformation


You were on level 3 of the Dungeon.
You were a hulking beast.
You visited 1 branch of the dungeon, and saw 3 of its levels.

You collected 153 gold pieces.

Inventory:

Armour
 a - a +0 animal skin (worn)
Jewellery
 g - a +5 ring of evasion (left claw)
 m - an amulet of guardian spirit (around neck)
 n - a ring of positive energy
 o - a +5 ring of evasion (right claw)
Talismans
 c - a beast talisman
 d - a flux talisman
Scrolls
 i - a scroll of fog {unknown}
 k - a scroll of teleportation {unknown}
 l - a scroll of revelation {unknown}
Potions
 b - a potion of lignification
 e - a potion of attraction
 f - 2 potions of degeneration {unknown}
 h - a potion of brilliance {unknown}
 j - a potion of cancellation {unknown}


   Skills:
 + Level 1.5 Fighting
 - Level 1.5 Dodging
 * Level 3.9 Unarmed Combat
 * Level 3.8 Shapeshifting


You had 3 spell levels left.
You didn't know any spells.
Your spell library contained the following spells:

 Spells                   Type           Power      Damage    Failure   Level
 Lesser Beckoning         Tloc           0%         N/A       58%         2
 Gell's Gravitas          Tloc           0%         N/A       83%         3
 Teleport Other           Tloc           0%         N/A       83%         3


Dungeon Overview and Level Annotations

Branches:
Dungeon (3/15)

Altars:


Innate Abilities, Weirdness & Mutations

You are a hulking beast.
Your limbs bulge with bestial killing power. (Slay +2)
You are too large for most types of armour.
You have claws for hands.
Your natural rate of healing is unusually fast.
You are covered in fur. (AC +1)
You have tough skin. (AC +1)


Message History

The rat twitches its whiskers.
The orc barely misses you.
You claw the orc!
You kill the orc!
The orc completely misses you.
The orc priest mumbles some strange prayers to Beogh against you.
Beogh smites you!
You barely miss the orc. The orc closely misses you.
You closely miss the orc priest. The orc priest hits you with a +0 mace.
There are monsters nearby!
You closely miss the orc priest. The orc wizard casts a spell at you.
The magic dart hits you! The rat bites you.
The orc priest hits you but does no damage.
The orc hits you with a +0 flail.
You are too injured to fight recklessly!
You are too injured to fight recklessly!
You are too injured to fight recklessly!
You are too injured to fight recklessly!
You are too injured to fight recklessly!
You are too injured to fight recklessly!
You are too injured to fight recklessly!
You are too injured to fight recklessly!
You are too injured to fight recklessly!
You are too injured to fight recklessly!
The orc attacks as it pursues you! The orc barely misses you.
You scratch the orc priest.
The orc priest is lightly wounded.
The orc priest barely misses you. The rat misses you.
The orc hits you with a +0 flail!
* * * LOW HITPOINT WARNING * * *
You barely miss the orc priest.
The orc priest is lightly wounded.
The rat barely misses you. The orc completely misses you.
The orc priest hits you with a +0 mace!
* * * LOW HITPOINT WARNING * * *
It was a potion of attraction.
You feel attractive to monsters. The rat closely misses you.
The orc hits you with a +0 flail.
You die...

..##.###.#.#
#.......#
..........#
#.......#
.##.###...#
###.......#
........#
#..........
#.###...#
###########
#..?# #...#
###.###...######
.......hoo......
###.###or.######
......o..#
##.###...# #...#
....# ##.#.#
..... #. .#


You could see an orc priest, an orc wizard, 2 orcs and a rat.

Vanquished Creatures
  2 adders (D:2)
  An orc (D:3)
  6 bats
  7 endoplasms
  4 giant cockroaches
  12 goblins
  3 hobgoblins
  3 jackals (D:1)
  3 quokkas (D:1)
  4 ball pythons
  3 frilled lizards
  4 kobolds
  4 rats
56 creatures vanquished.

Notes
Turn   | Place    | Note
-------+----------+-------------------------------------------
     0 | D:1      | Alphaeus the Troll Shapeshifter began the quest for the
                  | Orb.
     0 | D:1      | Reached XP level 1. HP: 18/18 MP: 0/0
   114 | D:1      | Reached skill level 1 in Fighting
   170 | D:1      | Reached XP level 2. HP: 27/27 MP: 1/1
   501 | D:1      | Reached XP level 3. HP: 33/33 MP: 2/2
  1295 | D:3      | Reached XP level 4. HP: 41/41 MP: 3/3
  1543 | D:3      | HP: 2/41 [orc priest/+0 mace (7)]
  1544 | D:3      | Slain by an orc

Illustrated notes

Levels and vault maps discovered:
D:1:      scummos_arrival_star, layout_loops_ring
D:2:      layout_rooms, hangedman_decor_points, minmay_misc_feat_chi
D:3:      kennysheep_the_goblin_king, layout_basic,
          mainiacjoe_overflow_concentric_impassable,
          hellmonk_ecumenical_altar_inner_sanctum

Skill      XL: |  1 |
---------------+----+-----
Fighting       | 1 |  1.5
Dodging        | |  1.5
Unarmed Combat | |  3.9
Shapeshifting  | |  3.8

Action                     |  1- 3 |  4- 6 || total
---------------------------+-------+-------++-------
  Melee: Unarmed           |    94 |    27 ||   121
         Punch             |     1 |     1 ||     2
    Use: Potion            |       |     1 ||     1
   Stab: Sleeping          |     1 |       ||     1
 Armour: Animal skin       |    47 |    19 ||    66
  Dodge: Dodged            |    42 |    39 ||    81
